 Dungeon Crawl Stone Soup version 0.30.1-11-g7821555f0a (webtiles) character file.

Game seed: 15062124878895063628

193517 KittyFluff the Tortoise (level 18, -4/169 HPs)
             Began as a Gargoyle Berserker on Nov 12, 2023.
             Was the Champion of Trog.
             Slain by an alligator (7 damage)
             ... on level 1 of the Swamp.
             The game lasted 03:09:46 (33516 turns).

KittyFluff the Tortoise (Gargoyle Berserker)       Turns: 33516, Time: 03:09:47

Health: -4/169     AC: 35    Str: 36    XL:     18   Next: 27%
Magic:  6/6        EV: 20    Int:  7    God:    Trog [******]
Gold:   484        SH: 13    Dex: 15    Spells: 17/17 levels left

rFire   + . .        N - +5 demon whip "Spellbinder" {antimagic, disrupt, Will+}
rCold   + . .        M - +0 kite shield {reflect}
rNeg    + . .        e - +0 chain mail of Greed {Regen+ Dex+6}
rPois   ∞            L - +1 helmet
rElec   +            v - scarf {rC+ rF+}
rCorr   .            T - +0 pair of gloves
SInv    .            K - +1 pair of boots {Stlth+}
Will    ++...        (no amulet) Stlth
                     Y - +6 ring of strength
HPRegen 1.28/turn    F - +5 ring of evasion
MPRegen 0.10/turn

%: reflection
@: berserking (expiring), marked, flying, studying Dodging, very quick
A: sickness immunity, AC +13, big wings, negative energy resistance 1,
electricity resistance, torment resistance 1, petrification resistance
}: 1/15 runes: serpentine
a: Renounce Religion, Berserk, Trog's Hand, Brothers in Arms


You were on level 1 of the Swamp.
You worshipped Trog.
Trog was exalted by your worship.
You visited 5 branches of the dungeon, and saw 28 of its levels.
You visited 1 bazaar.
You also visited: Bailey and Ice Cave.

You collected 2769 gold pieces.
You spent 2285 gold pieces at shops.

Inventory:

Hand Weapons
 l - a +5 eveningstar of freezing
 n - a +0 sling
 N - the +5 demon whip "Spellbinder" (weapon) {antimagic, disrupt, Will+}
   (You took it off a centaur warrior on level 10 of the Dungeon)

   Will:      It increases your willpower.
Missiles
 A - 22 boomerangs (quivered)
 H - a silver boomerang
 O - 4 javelins
Armour
 e - the +0 chain mail of Greed (worn) {Regen+ Dex+6}
   (You found it on level 3 of the Lair of Beasts)

   Dex:       It affects your dexterity (+6).
   Regen:     It increases your rate of health regeneration.
 j - +0 acid dragon scales
 v - a scarf of resistance (worn)
 y - a +1 ring mail of cold resistance
 K - a +1 pair of boots of stealth (worn)
 L - a +1 helmet (worn)
 M - a +0 kite shield of reflection (worn)
 P - a +0 chain mail of fire resistance
 R - a +2 cloak of willpower
 T - a +0 pair of gloves (worn)
Jewellery
 c - an amulet of reflection
 m - the ring of Bemponeukk {rElec rPois rN++ MP-9 Int+6}
   (You found it in an ice cave)

   [ring of intelligence]

   Int:       It affects your intelligence (+6).
   rElec:     It insulates you from electricity.
   rPois:     It protects you from poison.
   rN:        It greatly protects you from negative energy.
   MP:        It affects your magic capacity (-9).
 p - a ring of resist corrosion
 C - a ring of see invisible
 F - a +5 ring of evasion (right hand)
 J - a ring of protection from fire
 S - a ring of protection from cold
 Y - a +6 ring of strength (left hand)
Wands
 h - a wand of paralysis (20)
 o - a wand of digging (6)
 E - a wand of light (7)
 Q - a wand of iceblast (1)
 W - a wand of flame (16)
Scrolls
 g - 8 scrolls of fear
 i - 12 scrolls of teleportation
 k - 7 scrolls of enchant weapon
 q - 3 scrolls of magic mapping
 s - a scroll of immolation
 u - 5 scrolls of silence
 w - 3 scrolls of blinking
 z - 5 scrolls of fog
 G - 4 scrolls of poison
 I - 3 scrolls of torment
 V - 3 scrolls of brand weapon
 X - 7 scrolls of enchant armour
Potions
 b - a potion of ambrosia
 d - 3 potions of haste
 f - 21 potions of curing
 r - a potion of invisibility
 t - 9 potions of heal wounds
 x - 3 potions of resistance
 B - 6 potions of might
 D - 4 potions of lignification
 U - 2 potions of cancellation
 Z - 3 potions of mutation
Miscellaneous
 a - a lightning rod (4/4)


   Skills:
 + Level 12.6 Fighting
 + Level 15.7 Maces & Flails
 * Level 17.0 Armour
 + Level 12.4 Dodging
 + Level 13.2 Stealth
 * Level 14.1 Shields
 + Level 8.8 Evocations


You had 17 spell levels left.
You didn't know any spells.
Your spell library was empty.

Dungeon Overview and Level Annotations

Branches:
Dungeon (15/15)            Temple (0/1) D:6            Lair (5/5) D:11
  Swamp (2/4) Lair:2        Snake (4/4) Lair:2        Slime (0/5) Lair:4
    Orc (2/2) D:11            Elf (0/3) Orc:2        Depths (0/4) D:15
 Bailey (visited)           IceCv (visited)
 Vaults: D:13-14

Altars:
Ashenzari
Cheibriados
Fedhas
Trog

Shops:
D:7 *!(   D:11 =[(   D:12 (   Orc:1 ![!(   Orc:2 !([*:   Snake:1 (
Snake:4 ***

Annotations:
D:6 exclusion: oklob sapling
Swamp:1 2 transporters, Zoigrime's ghost, adept FoFi


Innate Abilities, Weirdness & Mutations

You are immune to sickness and miasma.
Your stone body is resilient. (AC +13)
You are immune to poison.
Your large and strong wings let you fly.
You resist negative energy. (rN+)
You are resistant to electric shocks. (rElec)
You are resistant to unholy torment.
You are immune to petrification.


Message History

A will-o-the-wisp comes into view.
The alligator bites you but does no damage.
The alligator tail-slaps you but does no damage.
There is a stone staircase leading up here.
A red film seems to cover your vision as you go berserk!
You feel yourself moving faster!
You feel mighty! A root smacks you from below.
* * * LOW HITPOINT WARNING * * *
You block the swamp worm's attack. You block the alligator's attack.
The alligator tail-slaps you but does no damage.
The spriggan druid gestures at you while chanting.
The stone arrow misses you.
You feel a strong urge to attack something.
You feel roots moving beneath the ground.
A root smacks you from below.
* * * LOW HITPOINT WARNING * * *
The alligator barely misses you. You block the alligator's attack.
The swamp worm barely misses you.
You fly upwards.
The forest abruptly stops moving.
Level annotation: 2 transporters, Zoigrime's ghost, adept FoFi
There is a stone staircase leading down here.
You feel your anger nearly subside. A root smacks you from below.
* * * LOW HITPOINT WARNING * * *
The swamp worm bites you but does no damage.
The alligator bites you!
* * * LOW HITPOINT WARNING * * *
The alligator tail-slaps you but does no damage.
You block the spriggan druid's attack.
You thrash the swamp worm!!
You kill the swamp worm!
Trog accepts your kill. A tree reaches out and hits you.
* * * LOW HITPOINT WARNING * * *
The alligator barely misses you. You block the alligator's attack.
You closely miss the alligator. You barely miss the alligator.
The spriggan druid hits you with a +0 quarterstaff.
* * * LOW HITPOINT WARNING * * *
The alligator bites you!
You die...

♣♣..♣~~.~~.~~~.♣..
♣~~.~~~~~~.~...♣..
♣♣♣.§.~~.♣~~~~.♣♣..
♣♣~♣.~~..~~~♣~~.♣♣..
♣♣♣♣♣~~~.~~~..~♣~§~~♣♣..
♣♣.~..~~~~~~~.~~~~..~♣♣..
♣~~....~~..~..~♣~.♣~~♣♣..
♣♣.♣♣♣..!♣~~♣~~~~.♣.~.♣..
♣♣ ♣♣i@~.~~~.~..♣.~~...
♣~t~♣~.♣♣♣....~~♣..
♣..♣[♣♣♣ ♣.....~♣..
♣.♣♣.♣ ♣♣♣...♣... ♣[♣♣.♣
♣..♣♣... ♣♣♣♣♣♣ ♣..♣♣♣..
♣♣♣♣ ♣.. ♣.. ♣..


You could see an alligator (swift) and a spriggan druid.

Vanquished Creatures
  Gastronok (D:12)
  Roxanne (Snake:1)
  9 nagarajas
  Donald (Snake:3)
  An azure jelly (IceCv)
  A frost giant (D:12)
  Aizul (Snake:1)
  An orc warlord (Orc:2)
  3 quicksilver oozes (IceCv)
  A bunyip (Lair:2)
  An ettin (Orc:2)
  An entropy weaver (shapeshifter) (D:13)
  A shambling mangrove (Swamp:1)
  A fire dragon (D:15)
  An ice dragon (D:15)
  A vault guard (D:13)
  A great orb of eyes (D:13)
  5 hydras
  3 salamander tyrants (Snake:4)
  8 centaur warriors
  9 naga warriors
  6 two-headed ogres
  8 anacondas
  A tengu warrior (D:13)
  2 catoblepae
  9 boulder beetles
  16 naga sharpshooters
  A deep troll earth mage (D:12)
  7 orc high priests
  Urug (D:10)
  5 shock serpents
  4 salamander mystics
  A fire crab (Lair:4)
  A deep elf knight (D:10)
  A lindwurm (Lair:4)
  3 naga ritualists
  A bog body (Swamp:1)
  5 orc knights (Orc:1)
  Pikel (D:5)
  2 wolf spiders
  2 deep elf pyromancers
  8 cyclopes
  25 ugly things
  4 mana vipers
  A will-o-the-wisp (Lair:2)
  A manticore (D:12)
  6 orc sorcerers
  5 elephants (Lair:5)
  15 salamanders
  A guardian serpent (shapeshifter) (D:15)
  32 black mambas
  2 ice statues (IceCv)
  7 guardian serpents
  10 naga magi
  9 cane toads
  A gargoyle (D:13)
  An unseen horror (D:13)
  4 orange demons (D:15)
  4 torpor snails (Lair:3)
  6 yaktaurs (D:15)
  A yaktaur (shapeshifter) (D:13)
  3 kobold demonologists
  7 rime drakes
  A freezing wraith (D:15)
  3 komodo dragons
  2 red devils (D:15)
  3 polar bears
  12 trolls
  A tyrant leech (Lair:2)
  Grinder (D:5)
  11 hornets
  A hornet (shapeshifter) (D:12)
  28 blink frogs
  4 dream sheep (Lair:5)
  2 spriggans (Swamp:1)
  4 wraiths
  10 slime creatures (IceCv)
  53 yaks
  3 vampires
  11 wyverns
  4 basilisks
  A steam dragon (D:9)
  2 redbacks (Lair:5)
  11 vampire mosquitoes
  2 wargs (Orc:1)
  32 nagas
  9 swamp worms
  Duvessa (D:5)
  18 water moccasins
  4 acid dragons
  A swamp drake (Lair:2)
  54 orc warriors
  2 ice beasts
  3 sky beasts
  2 black bears
  2 great orb of eyes simulacra (IceCv)
  5 ogres
  A tengu (shapeshifter) (D:15)
  6 centaurs
  7 wolves
  2 lemures (D:5)
  4 kobold brigands
  2 slime creature simulacra (IceCv)
  12 bullfrogs
  3 glowing shapeshifter simulacra (IceCv)
  3 scorpions
  3 wights
  Dowan (D:5)
  16 killer bees
  3 howler monkeys
  7 electric eels
  6 hounds
  25 orc priests
  2 iguanas
  A gnoll bouda (D:6)
  2 jellies (Lair:4)
  Terence (D:3)
  37 orc wizards
  A shapeshifter simulacrum (IceCv)
  9 adders
  17 gnolls
  A white imp (D:6)
  An ufetubus (D:3)
  5 worms
  2 dart slugs
  95 orcs
  2 ball pythons
  2 bats
  7 endoplasms
  4 giant cockroaches
  21 goblins
  13 hobgoblins
  12 jackals
  29 kobolds
  3 quokkas
  6 frilled lizards
  6 rats
965 creatures vanquished.

Vanquished Creatures (collateral kills)
  A naga sharpshooter (Snake:1)
  A black mamba (Snake:2)
  A naga (Snake:1)
3 creatures vanquished.

Vanquished Creatures (others)
  An ogre mage (D:15)
  A naga sharpshooter (Snake:4)
  A salamander mystic (Snake:4)
  An orc sorcerer (Orc:2)
  An orc wizard (Orc:2)
  A kobold (D:7)
  2 foxfires (Lair:2)
8 creatures vanquished.

Grand Total: 976 creatures vanquished

Notes
Turn   | Place    | Note
-------+----------+-------------------------------------------
     0 | D:1      | KittyFluff the Gargoyle Berserker began the quest for the
                  | Orb.
     0 | D:1      | Reached XP level 1. HP: 14/14 MP: 1/1
   209 | D:1      | Reached XP level 2. HP: 14/19 MP: 2/2
   738 | D:2      | Reached ** piety under Trog
   739 | D:2      | Reached skill level 1 in Stealth
   739 | D:2      | Reached XP level 3. HP: 23/23 MP: 3/3
   869 | D:2      | Reached skill level 3 in Armour
   923 | D:2      | Reached XP level 4. HP: 21/28 MP: 4/4
   977 | D:2      | Found a bloodstained altar of Trog.
  1636 | D:3      | Reached XP level 5. HP: 11/33 MP: 5/5
  1972 | D:3      | HP: 2/49 [orc/+0 dagger (3)]
  2190 | D:3      | Reached skill level 4 in Armour
  2278 | D:3      | Reached XP level 6. HP: 38/38 MP: 6/6
  2279 | D:3      | Noticed Terence
  2291 | D:3      | Killed Terence
  2600 | D:3      | Reached *** piety under Trog
  3173 | D:4      | Reached XP level 7. HP: 44/44 MP: 7/7
  3531 | D:5      | Entered Level 5 of the Dungeon
  3630 | D:5      | Reached skill level 5 in Maces & Flails
  3630 | D:5      | Reached skill level 5 in Armour
  3784 | D:5      | Reached XP level 8. HP: 48/48 MP: 8/8
  3803 | D:5      | Noticed Grinder
  3806 | D:5      | Noticed Dowan
  3823 | D:5      | Noticed Duvessa
  3834 | D:5      | Killed Duvessa
  3835 | D:5      | Reached skill level 5 in Fighting
  3837 | D:5      | Killed Dowan
  3904 | D:5      | Noticed Pikel
  3971 | D:5      | Killed Pikel
  3972 | D:5      | Reached skill level 6 in Armour
  4230 | D:5      | Killed Grinder
  4231 | D:5      | Reached XP level 9. HP: 47/55 MP: 9/9
  4371 | D:6      | Found a staircase to the Ecumenical Temple.
  4512 | D:6      | Reached skill level 7 in Armour
  4621 | D:6      | Reached skill level 5 in Stealth
  5287 | D:7      | Reached **** piety under Trog
  5403 | D:7      | Found Xevul's Antique Weapon Emporium.
  5405 | D:7      | Found Myic's Distillery.
  5422 | D:7      | Found Alusa's General Store.
  5688 | D:7      | Bought a potion of heal wounds for 65 gold pieces
  5692 | D:7      | Bought a scroll of enchant weapon for 97 gold pieces
  5701 | D:7      | Bought a scroll of identify for 26 gold pieces
  5701 | D:7      | Bought a scroll of identify for 26 gold pieces
  6104 | D:7      | Reached skill level 8 in Armour
  6482 | D:7      | Noticed a hornet
  6495 | D:7      | Killed a hornet
  6496 | D:7      | Reached XP level 10. HP: 48/61 MP: 10/10
  6905 | D:7      | Found a broken altar of Ashenzari.
  7458 | D:8      | Found a flagged portal.
  7480 | Bailey   | Entered a bailey
  7531 | Bailey   | Reached skill level 9 in Armour
  7702 | Bailey   | Reached ***** piety under Trog
  7794 | Bailey   | Reached skill level 5 in Dodging
  8584 | Bailey   | Acquired a manual of Dodging
  8586 | Bailey   | Acquired a manual of Dodging
  8594 | Bailey   | Found an iron altar of Okawaru.
  8594 | Bailey   | Noticed an orc sorcerer
  8594 | Bailey   | Noticed a kobold demonologist
  8606 | Bailey   | Killed a kobold demonologist
  8615 | Bailey   | Noticed an orange demon
  8633 | Bailey   | Paralysed by an orc sorcerer for 5 turns
  8638 | Bailey   | Killed an orc sorcerer
  8858 | Bailey   | Identified the +7 hand axe of a Gauntlet {heavy, *Noise
                  | rElec rPois}
  8935 | D:8      | Reached XP level 11. HP: 67/67 MP: 11/11
  9018 | D:8      | Reached skill level 1 in Evocations
  9695 | D:9      | Reached XP level 12. HP: 70/72 MP: 12/12
  9862 | D:9      | Reached skill level 10 in Armour
 10382 | D:10     | Entered Level 10 of the Dungeon
 10385 | D:10     | Noticed Urug
 10421 | D:10     | Killed Urug
 10571 | D:10     | Noticed a deep elf knight
 10666 | D:10     | Reached skill level 1 in Shields
 10718 | D:10     | Noticed a centaur warrior
 10759 | D:10     | Killed a centaur warrior
 11009 | D:10     | Noticed a centaur warrior
 11046 | D:10     | Killed a centaur warrior
 11205 | D:10     | Killed a deep elf knight
 11775 | D:10     | Noticed a two-headed ogre
 11788 | D:10     | Killed a two-headed ogre
 11823 | D:10     | Noticed a two-headed ogre
 11836 | D:10     | Killed a two-headed ogre
 11845 | D:10     | Reached skill level 11 in Armour
 12040 | D:11     | Found a staircase to the Lair.
 12433 | D:11     | Found Fidomum's Armour Boutique.
 12462 | D:11     | Reached XP level 13. HP: 79/79 MP: 4/13
 12552 | D:11     | Found a staircase to the Orcish Mines.
 12603 | D:11     | Found Iplimp's Weapon Shop.
 12610 | D:11     | Found Axzoradu's Jewellery Shoppe.
 12685 | Lair:1   | Entered Level 1 of the Lair of Beasts
 13025 | Lair:1   | Reached skill level 5 in Shields
 13944 | Lair:2   | Received a gift from Trog
 14031 | Lair:2   | Found a staircase to the Swamp.
 14062 | Lair:2   | Found a staircase to the Snake Pit.
 14947 | Lair:3   | Found a frozen archway.
 14960 | Lair:3   | Reached skill level 12 in Armour
 14978 | IceCv    | Entered an ice cave
 15006 | IceCv    | Noticed a quicksilver ooze
 15019 | IceCv    | Killed a quicksilver ooze
 15506 | IceCv    | Noticed a quicksilver ooze
 15519 | IceCv    | Killed a quicksilver ooze
 15780 | IceCv    | Noticed a quicksilver ooze
 15794 | IceCv    | Killed a quicksilver ooze
 15923 | IceCv    | Found a viscous altar of Jiyva.
 15923 | IceCv    | Noticed an azure jelly
 15935 | IceCv    | Killed an azure jelly
 15936 | IceCv    | Gained mutation: Your large and strong wings let you fly.
                  | [Gargoyle growth]
 15936 | IceCv    | Reached XP level 14. HP: 45/86 MP: 4/14
 15952 | IceCv    | Identified the ring of Bemponeukk {rElec rPois rN++ MP-9
                  | Int+6}
 16253 | Lair:3   | Found a snail-covered altar of Cheibriados.
 16934 | Lair:3   | Identified the +0 chain mail of Greed {Regen+ Dex+6}
 17129 | Lair:4   | Received a gift from Trog
 17130 | Lair:4   | Reached skill level 5 in Evocations
 17229 | Lair:4   | Found a runed translucent door.
 17255 | Lair:4   | Found a staircase to the Slime Pits.
 18121 | Lair:5   | Entered Level 5 of the Lair of Beasts
 18695 | Lair:5   | Reached skill level 13 in Armour
 18783 | Lair:5   | Reached skill level 10 in Stealth
 19460 | Lair:5   | Reached skill level 10 in Fighting
 19506 | Lair:5   | Received a gift from Trog
 19959 | Lair:5   | Reached XP level 15. HP: 73/92 MP: 2/15
 20498 | D:12     | Reached ****** piety under Trog
 20533 | D:12     | Noticed Gastronok
 20568 | D:12     | Killed Gastronok
 20610 | D:12     | Found Ebullis's Weapon Emporium.
 20836 | D:12     | Received a gift from Trog
 20903 | D:12     | Noticed a frost giant
 20922 | D:12     | Killed a frost giant
 20967 | D:12     | Reached skill level 14 in Armour
 21352 | D:13     | Reached skill level 10 in Shields
 21980 | D:13     | Reached skill level 10 in Dodging
 23591 | D:15     | Entered Level 15 of the Dungeon
 23660 | D:15     | Found a blossoming altar of Fedhas.
 23748 | D:15     | Found a staircase to the Depths.
 23867 | D:15     | Found a gateway to a bazaar.
 23898 | Bazaar   | Entered a bazaar
 23912 | Bazaar   | Found Otaenionk's Armour Shoppe.
 23941 | Bazaar   | Found Wosoyg's Magic Scroll Shoppe.
 23980 | Bazaar   | Bought 2 scrolls of enchant weapon for 135 gold pieces
 23980 | Bazaar   | Bought a scroll of poison for 36 gold pieces
 24090 | D:15     | Reached XP level 16. HP: 99/99 MP: 2/16
 24639 | D:15     | Reached skill level 15 in Armour
 24651 | D:15     | Received a gift from Trog
 25026 | Orc:1    | Entered Level 1 of the Orcish Mines
 25026 | Orc:1    | Found a transporter.
 25050 | Orc:1    | Found Durur's Antique Armour Boutique.
 25053 | Orc:1    | Found a transporter.
 25451 | Orc:1    | Found Uqutt's Distillery.
 25537 | Orc:1    | Found Exeleurhit's Distillery.
 25709 | Orc:1    | Found Cioq's Weapon Emporium.
 25757 | Orc:2    | Entered Level 2 of the Orcish Mines
 26065 | Orc:2    | Found a staircase to the Elven Halls.
 26104 | Orc:2    | Found Lualom's Distillery.
 26148 | Orc:2    | Received a gift from Trog
 26750 | Orc:2    | Reached skill level 15 in Maces & Flails
 26992 | Orc:2    | Received a gift from Trog
 27380 | Orc:2    | Found Etre Jia's General Store.
 27381 | Orc:2    | Found Tiluqiom's Book Shop.
 27382 | Orc:2    | Found Juch's Antique Armour Boutique.
 27382 | Orc:2    | Found Tionaps's Antique Weapon Boutique.
 27800 | Orc:2    | Bought a scroll of poison for 56 gold pieces
 27800 | Orc:2    | Bought a +6 ring of strength for 504 gold pieces
 27946 | Orc:2    | Bought a potion of heal wounds for 90 gold pieces
 27995 | Orc:1    | Bought a potion of invisibility for 104 gold pieces
 27995 | Orc:1    | Bought a potion of heal wounds for 65 gold pieces
 27995 | Orc:1    | Bought a potion of heal wounds for 65 gold pieces
 28128 | Snake:1  | Entered Level 1 of the Snake Pit
 28350 | Snake:1  | Identified Roxanne's Almanac of Metal
 28350 | Snake:1  | Noticed Roxanne
 28383 | Snake:1  | Killed Roxanne
 28429 | Snake:1  | Noticed Aizul
 28452 | Snake:1  | Killed Aizul
 28611 | Snake:1  | Found Baibu's Antique Weapon Emporium.
 29022 | Snake:1  | Reached XP level 17. HP: 99/106 MP: 5/17
 29087 | Snake:2  | Received a gift from Trog
 29632 | Snake:2  | Reached skill level 16 in Armour
 29808 | Snake:2  | Identified the +1 leather armour of Valour {rF+}
 30509 | Snake:3  | Received a gift from Trog
 30596 | Snake:3  | Identified the +4 glaive of Ignis {flame, Will+ Str+3
                  | Dex+3}
 30685 | Snake:3  | Noticed Donald
 30712 | Snake:3  | Killed Donald
 30964 | Snake:4  | Entered Level 4 of the Snake Pit
 31422 | Snake:4  | Found Kagahane's Neck Hole.
 31481 | Snake:4  | Found Jufux's Specific Store.
 31487 | Snake:4  | Found Josun's General Store.
 31497 | Snake:4  | Bought a scroll of teleportation for 57 gold pieces
 31841 | Snake:4  | Identified the +0 long sword of Spontaneous Combustion
                  | {distort, Int+6 SInv}
 32102 | Snake:4  | Reached XP level 18. HP: 96/112 MP: 6/18
 32110 | Snake:4  | Received a gift from Trog
 32340 | Snake:4  | Got a serpentine rune of Zot
 32401 | Snake:4  | Bought a ring of see invisible for 285 gold pieces
 32429 | Snake:4  | Bought an amulet of reflection for 570 gold pieces
 32693 | D:7      | Bought a potion of cancellation for 104 gold pieces
 32828 | Swamp:1  | Entered Level 1 of the Swamp
 32953 | Swamp:1  | Reached skill level 17 in Armour
 33105 | Swamp:1  | Found a transporter.
 33110 | Swamp:1  | Noticed Zoigrime's ghost (adept FoFi)
 33111 | Swamp:1  | Found a transporter.
 33513 | Swamp:1  | HP: 8/169 [alligator (17)]
 33516 | Swamp:1  | HP: 3/169 [spriggan druid/+0 quarterstaff (3)]
 33516 | Swamp:1  | Slain by an alligator

Illustrated notes

Levels and vault maps discovered:
D:1:      lemuel_arrival_broad_hall, layout_loops_cross, minmay_liquid_box
D:2:      layout_basic, basic_altar
D:3:      layout_loops_ring, uniq_terence
D:4:      layout_loops_ring
D:5:      layout_loops_cross, cheibrodos_sewer_entry_bend,
          minmay_fractal_squares_gapless_5, uniq_pikel, uniq_duvessa,
          uniq_grinder
D:6:      layout_loops_ring, minmay_temple_entry_oklob
D:7:      kennysheep_spiral_hall, layout_cave_pods,
          mainiacjoe_overflow_24_doors, nicolae_wooded_promenade,
          kennysheep_cross_bottleneck
D:8:      layout_basic, enter_bailey_3
D:9:      layout_loops_corners
D:10:     nzn_winding_woodlands_cross [nzn_winding_woodlands_5x15_sawtooth,
          nzn_winding_woodlands_5x15_pathside_ponds,
          nzn_winding_woodlands_5x15_crooked,
          nzn_winding_woodlands_5x15_longhouse,
          nzn_winding_woodlands_15x15_five_gardens], layout_rooms, uniq_urug
D:11:     layout_cave_pools, lair_entry_dummy, orc_0_dummy, serial_shops,
          nicolae_shop_trees, nicolae_shop_getting_attention, shop
D:12:     minmay_mutant_horseshoe, layout_rooms, serial_shops,
          nicolae_shop_waterfront, uniq_gastronok
D:13:     layout_irregular_city, david_vaults_5, serial_glass, glass_columns_c,
          glass_columns_a, glass_columns_a, glass_columns_a, glass_columns_b,
          glass_columns_b, glass_columns_c, glass_columns_a, glass_columns_c,
          glass_columns_a, glass_columns_b, glass_columns_a, glass_columns_c,
          glass_columns_c, feat_on_display, item_on_display_a, feat_on_display,
          feat_on_display
D:14:     layout_grid_maze, minmay_strange_pillars
D:15:     grunt_enter_depths_hoard, layout_irregular_city, serial_shops,
          bzr_entry_road, fedhas_altar_2, minmay_beelzebubs_servants
Lair:1:   layout_cave_pods, lemuel_fruit_fields
Lair:2:   layout_long_grid, swamp_mist_pool, nicolae_snake_entry_squirm,
          lemuel_fruit_tree
Lair:3:   layout_layer_cave, portal_ice_cave_rime, kennysheep_snail_temple,
          serial_bayou_shore_b, grunt_megastairs_5
Lair:4:   layout_cave_pods, slime_entry_2
Lair:5:   hangedman_lair_tendril_chambers, layout_cave_pods
Swamp:1:  layout_falls_marsh, gammafunk_ghost_mausoleum,
          nicolae_swamp_fairy_circle, swamp_pool3
Swamp:2:  layout_falls_marsh, serial_swamp_ruin, hangedman_swamp_ruin_wall,
          evilmike_swamp_ruin_house_6
Snake:1:  layout_onion, serial_shops, nicolae_shop_real_fake_doors,
          serial_bayou_shore_b, uniq_roxanne, uniq_aizul
Snake:2:  layout_onion
Snake:3:  layout_gridlike, uniq_donald
Snake:4:  snake_hunt, layout_cave_town, st_stairs_14, nicolae_specific_store,
          nicolae_shop_sticking_my_neck_out
Orc:1:    layout_diamond_mine, serial_shops, nicolae_shop_drivethru,
          nicolae_shop_advertising_works [nicolae_subvault_shop_adworks], shop,
          shop, basic_altar
Orc:2:    st_orc_congregation, layout_caves, serial_shops,
          nicolae_shop_industrial_runoff, nicolae_orc_lost_temple

Skill      XL: |  1  2  3  4  5  6  7  8  9 10 11 12 13 14 15 16 17 18 |
---------------+-------------------------------------------------------+-----
Stealth        | 1 2 3 4 6 7 8 9 10 11 12 13 | 13.2
Armour         | 3 4 5 6 8 9 11 12 13 14 15 16 17 | 17.0
Dodging        | 2 3 4 5 6 8 9 10 11 12 | 12.4
Maces & Flails | 4 5 6 8 12 13 14 15 | 15.7
Fighting       | 4 5 6 7 8 9 10 11 12 | 12.6
Evocations     | 1 3 4 5 6 7 8 |  8.8
Shields        | 4 7 9 11 12 13 14 | 14.1

Action                     |  1- 3 |  4- 6 |  7- 9 | 10-12 | 13-15 | 16-18 || total
---------------------------+-------+-------+-------+-------+-------+-------++-------
  Melee: Mace              |    78 |   100 |       |       |       |       ||   178
         Flail             |       |   178 |   412 |   571 |       |       ||  1161
         Punch             |       |     2 |     3 |     8 |     9 |       ||    22
         Demon whip        |       |       |       |   204 |  1711 |  1769 ||  3684
  Throw: Boomerang         |       |       |       |     2 |     8 |    46 ||    56
 Invoke: Berserk           |       |     2 |       |     8 |     2 |     4 ||    16
  Evoke: Wand              |       |       |       |       |     4 |       ||     4
         Lightning rod     |       |       |       |       |     4 |       ||     4
    Use: Scroll            |       |     3 |     6 |     6 |    16 |     2 ||    33
         Potion            |       |       |       |     1 |       |     1 ||     2
   Stab: Sleeping          |     2 |     3 |     6 |     4 |     9 |     6 ||    30
         Distracted        |       |     1 |       |       |     2 |     2 ||     5
 Armour: Animal skin       |    25 |    39 |       |       |       |       ||    64
         Leather armour    |       |    81 |   222 |   127 |       |       ||   430
         Ring mail         |       |       |       |    24 |       |       ||    24
         Acid dragon scale |       |       |       |   196 |   250 |       ||   446
         Chain mail        |       |       |       |       |   107 |   467 ||   574
  Dodge: Dodged            |    45 |   152 |   267 |   385 |   566 |   787 ||  2202
  Block: Tower shield      |       |       |       |       |   373 |       ||   373
         Kite shield       |       |       |       |       |    75 |   830 ||   905
         Reflection        |       |       |       |       |       |    27 ||    27
